 Dungeon Crawl Stone Soup version 0.30-b1-2-g02819fbbbe (webtiles) character file.

Game seed: 12859236447776209216

25020 Anothat the Blocker (level 13, -11/108 HPs)
             Began as a Formicid Fighter on May 10, 2023.
             Was an Initiate of Ru.
             Mangled by a 16-headed hydra (12 damage)
             ... on level 4 of the Lair of Beasts.
             The game lasted 00:20:42 (12055 turns).

Anothat the Blocker (Formicid Fighter)             Turns: 12055, Time: 00:20:42

Health: -11/108    AC: 15    Str: 25    XL:     13   Next: 47%
Magic:  13/13      EV:  7    Int:  9    God:    Ru [......]
Gold:   867        SH:  9    Dex: 18    Spells: 12/12 levels left

rFire   . . .        a - +1 war axe (spect)
rCold   . . .        c - +1 buckler
rNeg    + . .        k - +0 plate armour
rPois   .            (helmet unavailable)
rElec   .            (no cloak)
rCorr   .            (no gloves)
SInv    +            (no boots)
Will    +....        v - amulet of regeneration Stlth
                     s - ring of positive energy
HPRegen 1.18/turn    w - ring "Suresir" {Dex+5 SInv}
MPRegen 0.13/turn

%: no passive effects
@: mighty, invisible
A: permanent stasis, dig shafts and tunnels, antennae 3, no stealth, four strong
arms
a: Dig, Shaft Self, Renounce Religion


You were on level 4 of the Lair of Beasts.
You worshipped Ru.
Ru was noncommittal.
You visited 3 branches of the dungeon, and saw 16 of its levels.

You collected 867 gold pieces.

Inventory:

Hand Weapons
 a - a +1 spectral war axe (weapon)
 z - a +0 glaive
Missiles
 j - 2 throwing nets
Armour
 b - a +0 scale mail
 c - a +1 buckler (worn)
 k - a +0 plate armour (worn)
Jewellery
 e - an amulet of magic regeneration
 n - a ring of willpower
 s - a ring of positive energy (left hand)
 v - an amulet of regeneration (around neck)
 w - the ring "Suresir" (right hand) {Dex+5 SInv}
   (You found it on level 7 of the Dungeon)

   [ring of see invisible]

   Dex:       It affects your dexterity (+5).
   SInv:      It lets you see invisible.
 C - a ring of protection from cold
 D - an amulet of reflection
 H - a +6 ring of dexterity
Wands
 x - a wand of roots (2)
 A - a wand of flame (12)
Scrolls
 h - 6 scrolls of teleportation
 t - 2 scrolls of enchant armour
 y - 3 scrolls of amnesia
 B - a scroll of enchant weapon
 E - 2 scrolls of fog
 F - 3 scrolls of identify
Potions
 d - 5 potions of degeneration
 f - 2 potions of mutation
 g - a potion of berserk rage
 l - 3 potions of flight
 m - a potion of curing
 o - a potion of lignification
 p - a potion of resistance
 q - a potion of might
 u - 2 potions of haste
 G - 2 potions of magic


   Skills:
 + Level 12.0 Fighting
 + Level 12.7 Axes
 + Level 11.9 Armour
 + Level 14.0 Shields


You had 12 spell levels left.
You didn't know any spells.
Your spell library contained the following spells:

 Spells                   Type           Power      Damage    Failure   Level
 Kiss of Death            Conj/Necr      0%         2d5       99%         1
 Scorch                   Fire           0%         2d5       99%         2
 Confusing Touch          Hex            0%         N/A       100%        3
 Dispel Undead            Necr           0%         3d6       100%        4
 Flame Wave               Conj/Fire      0%         2d4       100%        4
 Summon Cactus Giant      Summ           0%         N/A       100%        6


Dungeon Overview and Level Annotations

Branches:
Dungeon (11/15)            Temple (1/1) D:4            Lair (4/5) D:8
  Swamp (0/4) Lair:2        Snake (0/4) Lair:2
  Slime: Lair:4-5       Orc: D:9-12

Altars:
Ashenzari
Cheibriados
Dithmenos
Elyvilon
Fedhas
Gozag
Hepliaklqana
Kikubaaqudgha
Makhleb
Nemelex Xobeh
Okawaru
Qazlal
Ru
Sif Muna
Trog
Uskayaw
Vehumet
Wu Jian
Xom
Yredelemnul
Zin
The Shining One

Annotations:
Lair:2 1 runed translucent door, PanSaczeczos's ghost, journeyman KoAE


Innate Abilities, Weirdness & Mutations

You cannot be hasted, slowed, berserked, paralysed or teleported.
You can dig through walls and to a lower floor.
You have a pair of large antennae on your head. (SInv)
You cannot be stealthy.
Your four strong arms can wield two-handed weapons with a shield.


Message History

The 16-headed hydra barely misses your +1 spectral war axe.
The 16-headed hydra bites your +1 spectral war axe!
Your spectral weapon shares its damage with you!
* * * LOW HITPOINT WARNING * * *
The 16-headed hydra bites your +1 spectral war axe!
Your spectral weapon shares its damage with you!
Your +1 spectral war axe disappears.
* * * LOW HITPOINT WARNING * * *
You block the 16-headed hydra's attack.
The 16-headed hydra bites you but does no damage.
The 16-headed hydra bites you.
* * * LOW HITPOINT WARNING * * *
The 16-headed hydra bites you.
* * * LOW HITPOINT WARNING * * *
You block the 16-headed hydra's attack. The 16-headed hydra bites you.
* * * LOW HITPOINT WARNING * * *
The 16-headed hydra barely misses you. x2; The 16-headed hydra bites you.
* * * LOW HITPOINT WARNING * * *
The 16-headed hydra closely misses you.
The 16-headed hydra bites you but does no damage.
The wolf completely misses you.
Okay, then.
You feel much better. You block the wolf's attack.
The 16-headed hydra barely misses you.
The 16-headed hydra bites you but does no damage.
The 16-headed hydra completely misses you.
The 16-headed hydra bites you!
* * * LOW HITPOINT WARNING * * *
The 16-headed hydra bites you but does no damage.
The 16-headed hydra bites you.
* * * LOW HITPOINT WARNING * * *
The 16-headed hydra bites you.
* * * LOW HITPOINT WARNING * * *
The 16-headed hydra bites you!
* * * LOW HITPOINT WARNING * * *
The 16-headed hydra barely misses you. The 16-headed hydra bites you!
* * * LOW HITPOINT WARNING * * *
The 16-headed hydra bites you but does no damage.
You block the 16-headed hydra's attack. The 16-headed hydra bites you!
You die...

##.##..######
### #.#..#.#***
#..).#.##.#*
#........#,*
#.P.####..#*
#....# *..#
#...## *,##
##.P.h###,,*
#..P.#@.#,**
##...D.##,*
##...###*,**
#..!##* *,,*
##...D#**,**
*#.......,,****
*..........,*,**
##...#.....,,,,*
#...#..#.#*,*,*
***


You could see a 16-headed hydra (unable to see you) and a wolf.

Vanquished Creatures
  Kirke (Lair:4)
  2 hydras
  A two-headed ogre (D:10)
  A skyshark (Lair:2)
  An ugly thing (D:7)
  9 elephants
  6 black mambas
  A gargoyle (D:7)
  7 cane toads
  2 rime drakes
  2 komodo dragons (Lair:2)
  A polar bear (D:8)
  3 trolls
  4 dream sheep (Lair:4)
  Sigmund (D:3)
  2 wyverns (D:9)
  16 yaks
  A steam dragon (D:6)
  2 hogs (Lair:4)
  A basilisk (Lair:1)
  12 water moccasins
  7 ice beasts
  6 orc warriors
  4 black bears
  5 sky beasts
  An ogre (D:5)
  19 wolves
  4 centaurs
  3 phantoms
  4 kobold brigands
  7 bullfrogs
  6 scorpions
  2 gnoll sergeants
  5 killer bees
  5 howler monkeys
  3 jellies
  7 orc priests
  A sleepcap (D:6)
  A gnoll bouda (D:6)
  Natasha (thrice) (D:2)
  5 iguanas
  10 orc wizards
  8 gnolls
  8 adders
  6 white imps
  An ufetubus (D:5)
  A worm (D:3)
  2 dart slugs
  34 orcs
  9 ball pythons
  3 bats
  7 endoplasms
  12 giant cockroaches
  7 goblins
  6 hobgoblins
  2 jackals (D:2)
  3 quokkas
  2 frilled lizards (D:1)
  11 kobolds
  6 rats
312 creatures vanquished.

Vanquished Creatures (others)
  A human (Lair:4)
  20 fungi
  36 plants
  5 spectral weapons
62 creatures vanquished.

Grand Total: 374 creatures vanquished

Notes
Turn   | Place    | Note
-------+----------+-------------------------------------------
     0 | D:1      | Anothat the Formicid Fighter began the quest for the Orb.
     0 | D:1      | Reached XP level 1. HP: 18/18 MP: 1/1
   175 | D:1      | Reached XP level 2. HP: 19/24 MP: 2/2
   758 | D:2      | Reached XP level 3. HP: 29/29 MP: 3/3
   849 | D:2      | Noticed Natasha
   855 | D:2      | Killed Natasha
   856 | D:2      | Reached XP level 4. HP: 30/37 MP: 4/4
   927 | D:2      | Noticed Natasha
   933 | D:2      | Killed Natasha
   947 | D:2      | Noticed Natasha
   997 | D:2      | Killed Natasha
   998 | D:2      | Reached XP level 5. HP: 39/42 MP: 5/5
  1191 | D:2      | Found a faded altar of an unknown god.
  1378 | D:2      | Reached skill level 5 in Shields
  1378 | D:2      | Reached XP level 6. HP: 32/48 MP: 6/6
  1631 | D:3      | Noticed Sigmund
  1647 | D:3      | Killed Sigmund
  1657 | D:3      | Reached XP level 7. HP: 40/55 MP: 7/7
  2153 | D:3      | Noticed a +0 dagger
  2154 | D:3      | Noticed a +0 hand axe
  2157 | D:3      | Found a hide-covered altar of Uskayaw.
  2343 | D:4      | Identified the +0 scale mail of the Big Bang {rC- Str+4
                  | Int+6}
  2489 | D:4      | Reached skill level 5 in Axes
  2510 | D:4      | Found a staircase to the Ecumenical Temple.
  2545 | Temple   | Entered the Ecumenical Temple
  2743 | Temple   | Became a worshipper of Ru the Awakened
  2962 | D:4      | Reached skill level 5 in Fighting
  2962 | D:4      | Reached skill level 5 in Armour
  2962 | D:4      | Reached skill level 6 in Shields
  3493 | D:5      | Entered Level 5 of the Dungeon
  3513 | D:5      | Reached XP level 8. HP: 54/62 MP: 8/8
  4318 | D:6      | Reached skill level 7 in Shields
  4357 | D:6      | Reached XP level 9. HP: 35/69 MP: 9/9
  4728 | D:6      | Reached skill level 8 in Shields
  5320 | D:6      | Reached XP level 10. HP: 48/79 MP: 10/10
  5586 | D:7      | Noticed a red ugly thing
  5601 | D:7      | Killed a red ugly thing
  5602 | D:7      | Reached skill level 9 in Shields
  5781 | D:7      | Noticed a gargoyle
  5788 | D:7      | Killed a gargoyle
  5791 | D:7      | Identified the ring "Suresir" {Dex+5 SInv}
  6647 | D:7      | Reached skill level 10 in Axes
  7071 | D:8      | Noticed a rime drake
  7072 | D:8      | Found a staircase to the Lair.
  7076 | D:8      | Killed a rime drake
  7077 | D:8      | Reached skill level 10 in Shields
  7077 | D:8      | Reached XP level 11. HP: 78/87 MP: 11/11
  7662 | D:9      | You fall into a shaft and drop 2 floors!
  7666 | D:10     | Entered Level 10 of the Dungeon
  7666 | D:10     | Noticed a two-headed ogre
  7673 | D:10     | Killed a two-headed ogre
  7799 | D:9      | Reached skill level 11 in Shields
  8388 | Lair:1   | Entered Level 1 of the Lair of Beasts
  8776 | Lair:1   | Reached XP level 12. HP: 93/97 MP: 12/12
  9300 | Lair:2   | Found a staircase to the Swamp.
  9324 | Lair:2   | Reached skill level 10 in Fighting
  9324 | Lair:2   | Reached skill level 10 in Armour
  9326 | Lair:2   | Reached skill level 12 in Shields
  9540 | Lair:2   | Found a runed translucent door.
  9543 | Lair:2   | Noticed PanSaczeczos's ghost (journeyman KoAE)
  9552 | Lair:2   | Found a staircase to the Snake Pit.
  9827 | Lair:2   | Gained mutation: You cannot be stealthy. [Ru sacrifice]
  9840 | Lair:2   | Noticed a seven-headed hydra
  9859 | Lair:2   | Killed a nine-headed hydra
 10213 | Lair:2   | Noticed a skyshark
 10218 | Lair:2   | Killed a skyshark
 10219 | Lair:2   | Reached skill level 13 in Shields
 10502 | Lair:2   | Identified the +11 spear "Ant's Death" {vamp, rC+ Str+6
                  | Int+3 Dex-2}
 10502 | Lair:2   | Noticed a spriggan rider
 10847 | Lair:3   | Reached XP level 13. HP: 94/106 MP: 13/13
 11753 | Lair:4   | Noticed Kirke
 11794 | Lair:4   | Killed Kirke
 11971 | Lair:4   | Noticed a five-headed hydra
 11974 | Lair:4   | Reached skill level 14 in Shields
 11985 | Lair:4   | Killed a four-headed hydra
 12041 | Lair:4   | Noticed a six-headed hydra
 12055 | Lair:4   | HP: 1/108 [16-headed hydra (9)]
 12055 | Lair:4   | Mangled by a 16-headed hydra

Illustrated notes

Levels and vault maps discovered:
D:1:      mrwooster_arrival_statue_3, layout_loops_cross, skrybe_limestone_x
D:2:      minmay_roachtagon, layout_rooms, chequers_ecumenical_altar_lobes,
          minmay_misc_feat_tiny, chequers_decorated_corner, uniq_natasha
D:3:      layout_rooms, dancing_weapons_uskayaw, uniq_sigmund
D:4:      layout_loops_cross, minmay_temple_entry_trees
D:5:      layout_loops_ring
D:6:      minmay_inner_zag, layout_basic, minmay_joined_circles
D:7:      minmay_razor_zed, layout_cave_pods,
          hangedman_abyss_or_decor_lesser_grid
D:8:      layout_basic, hellmonk_lair_entry_icy
D:9:      layout_stronghold, nicolae_elevator_lobby_plus
D:10:     layout_cave_pools, serial_shops, shop, kennysheep_nub, uniq_nergalle
D:11:     layout_cave_pools, erik_orc_2, uniq_harold, uniq_maurice
Temple:   minmay_crystal_snake_temple
Lair:1:   layout_hall_layers, serial_rivers, chequers_serial_rivers_large_b,
          chequers_serial_rivers_small_3, chequers_serial_rivers_small_a,
          chequers_serial_rivers_room_a, chequers_serial_rivers_micro_d
Lair:2:   layout_regular_city, swamp_mist_pool,
          minmay_snake_entry_six_corridors, ebering_ghost_funeral_grove,
          serial_bayou_pond_c
Lair:3:   layout_regular_city, grunt_megastairs_2, lemuel_fruit_tree
Lair:4:   layout_loops_ring, uniq_kirke

Skill      XL: |  1  2  3  4  5  6  7  8  9 10 11 12 13 |
---------------+----------------------------------------+-----
Axes           | 3 4 5 6 8 10 11 12 | 12.7
Fighting       | 4 5 6 7 8 9 11 12 | 12.0
Armour         | 4 5 6 7 8 9 11 | 11.9
Shields        | 5 6 7 8 10 11 13 14 | 14.0

Action                     |  1- 3 |  4- 6 |  7- 9 | 10-12 | 13-15 || total
---------------------------+-------+-------+-------+-------+-------++-------
  Melee: War axe           |    56 |    70 |   241 |   339 |    88 ||   794
         Unarmed           |       |       |       |       |    11 ||    11
 Invoke: Reject Sacrifices |       |       |     1 |     1 |       ||     2
         Sacrifice Stealth |       |       |       |     1 |       ||     1
  Evoke: Wand              |       |       |       |    12 |    10 ||    22
    Use: Scroll            |     1 |     6 |     5 |    10 |     1 ||    23
         Potion            |     2 |     1 |       |     8 |     4 ||    15
   Stab: Sleeping          |     1 |     1 |       |       |       ||     2
         Distracted        |       |     1 |       |     7 |     5 ||    13
         Invisible         |       |       |       |     2 |     1 ||     3
 Armour: Scale mail        |    12 |       |       |       |       ||    12
         Plate armour      |       |       |   114 |   154 |    47 ||   315
  Dodge: Dodged            |    25 |    48 |    58 |    75 |    29 ||   235
  Block: Buckler           |    15 |    18 |    55 |   125 |    34 ||   247
